 Dungeon Crawl Stone Soup version 0.31.0-11-ge490571c62 (webtiles) character file.

Game seed: 11778858110352122014

701 Curundu the Chopper (level 7, -2/61 HPs)
             Began as a Minotaur Berserker on Feb 1, 2024.
             Was a Believer of Trog.
             Slain by a gnoll
             ... wielding a +0 whip
             ... led by a gnoll bouda
              (9 damage)
             ... on level 5 of the Dungeon.
             The game lasted 00:08:38 (3481 turns).

Curundu the Chopper (Minotaur Berserker)            Turns: 3481, Time: 00:08:38

Health: -2/61      AC:  2    Str: 24    XL:     7   Next: 38%
Magic:  6/6        EV:  9    Int:  4    God:    Trog [**....]
Gold:   281        SH:  0    Dex:  9    Spells: 6/6 levels left

rFire   . . .        a - +0 hand axe
rCold   . . .        (no shield)
rNeg    . . .        h - +1 chain mail
rPois   +            (helmet restricted)
rElec   .            (no cloak)
rCorr   .            (no gloves)
SInv    .            (no boots)
Will    .....        (no amulet) Stlth
                     j - ring of poison resistance
HPRegen 0.30/turn    (no ring)
MPRegen 0.10/turn

%: no passive effects
@: corroded
A: horns 2, retaliatory headbutt
a: Renounce Religion, Berserk, Trog's Hand


You were on level 5 of the Dungeon.
You worshipped Trog.
Trog was pleased with you.
You visited 1 branch of the dungeon, and saw 5 of its levels.

You collected 281 gold pieces.

Inventory:

Hand Weapons
 a - a +0 hand axe (weapon)
 g - a +2 spear of flaming
Armour
 h - a +1 chain mail (worn)
Jewellery
 j - a ring of poison resistance (left hand)
Wands
 e - a wand of charming (4)
Scrolls
 b - 2 scrolls of identify
 f - a scroll of torment {unknown}
 k - a scroll of vulnerability {unknown}
Potions
 c - a potion of curing
 d - a potion of cancellation
 i - a potion of heal wounds


   Skills:
 + Level 5.6 Fighting
 + Level 7.3 Axes
 + Level 4.2 Armour
 + Level 3.9 Dodging
 + Level 2.0 Stealth


You had 6 spell levels left.
You didn't know any spells.
Your spell library was empty.

Dungeon Overview and Level Annotations

Branches:
Dungeon (5/15)
 Temple: D:4-7

Altars:
Vehumet


Innate Abilities, Weirdness & Mutations

You have a pair of horns on your head.
You reflexively headbutt those who attack you in melee.


Message History

Your Axes skill increases to level 7!
Your Armour skill increases to level 4!
Your Stealth skill increases to level 2!
The shadow imp barely misses you.
You slash the shadow imp!
You kill the shadow imp!
Trog accepts your kill.
You see here 4 stones.
A jelly comes into view.
A gnoll comes into view. It is wielding a +0 whip.
The gnoll shouts!
You hear a shout!
The jelly hits you. The acid corrodes you!
You are splashed with acid!
You slash the jelly!
Your hands burn!
The jelly is heavily wounded.
The jelly hits you.
You are splashed with acid!
You hit the jelly but do no damage.
Your hands burn!
You headbutt the jelly.
The jelly is severely wounded.
The jelly hits you but does no damage.
You hit the jelly but do no damage.
Your hands burn!
The jelly is severely wounded.
The jelly hits you. The acid corrodes you!
You are splashed with acid!
You hit the jelly.
Your hands burn!
* * * LOW HITPOINT WARNING * * *
You headbutt the jelly.
You kill the jelly!
Trog accepts your kill.
You slash the gnoll!
The gnoll is heavily wounded.
The gnoll hits you with a +0 whip!
* * * LOW HITPOINT WARNING * * *
You barely miss the gnoll. You headbutt the gnoll.
The gnoll is almost dead.
The gnoll barely misses you.
You hit the gnoll but do no damage.
The gnoll is almost dead.
The gnoll hits you with a +0 whip.
* * * LOW HITPOINT WARNING * * *
You barely miss the gnoll. Your headbutt misses the gnoll.
The gnoll is almost dead.
The gnoll hits you with a +0 whip!
You die...

....##....###
............##
#...........##
#.........#
##........###
#.....<.....# .
..##..........###...
.........(...........
.............@.......
##....<.....#g##.....
......[....#.$.. ...
#.................. .
...####...###........
## ##..# .........
#..## ......... ##.
..........


You could see a gnoll.

Vanquished Creatures
  Grinder (D:4)
  A black bear (D:5)
  2 hounds
  An orc priest (D:4)
  2 jellies
  Ijyb (D:4)
  An iguana (D:4)
  2 orc wizards (D:4)
  6 gnolls
  5 adders
  A shadow imp (D:5)
  2 dart slugs
  2 ribbon worms (D:2)
  5 orcs (D:4)
  2 endoplasms
  8 goblins
  5 hobgoblins
  4 jackals (D:3)
  4 kobolds
  2 quokkas (D:1)
  6 ball pythons
  6 bats
  3 frilled lizards
  9 rats
81 creatures vanquished.

Notes
Turn   | Place    | Note
-------+----------+-------------------------------------------
     0 | D:1      | Curundu the Minotaur Berserker began the quest for the Orb.
     0 | D:1      | Reached XP level 1. HP: 19/19 MP: 0/0
   187 | D:1      | Reached XP level 2. HP: 27/27 MP: 1/1
   383 | D:1      | Reached skill level 4 in Axes
   994 | D:2      | Found a faded altar of an unknown god.
   995 | D:2      | Noticed a shining eye
   997 | D:2      | Noticed a great orb of eyes
   997 | D:2      | Noticed an eye of devastation
   997 | D:2      | Noticed a great orb of eyes
  1006 | D:2      | Reached XP level 3. HP: 18/33 MP: 2/2
  1131 | D:2      | Reached ** piety under Trog
  1682 | D:3      | Reached XP level 4. HP: 7/41 MP: 3/3
  1779 | D:3      | Reached skill level 5 in Axes
  1938 | D:3      | Reached skill level 1 in Stealth
  2137 | D:3      | Identified the +1 robe of Life {rPois rC+ Archmagi}
  2462 | D:4      | Noticed Ijyb
  2478 | D:4      | Killed Ijyb
  2479 | D:4      | Reached XP level 5. HP: 47/47 MP: 4/4
  2589 | D:4      | Identified the +5 leather armour of Amorality {-Tele Fly
                  | Will++ Int+2}
  2593 | D:4      | Found a radiant altar of Vehumet.
  2664 | D:4      | Noticed Grinder
  2682 | D:4      | Killed Grinder
  2683 | D:4      | Reached skill level 5 in Fighting
  2683 | D:4      | Reached skill level 6 in Axes
  2683 | D:4      | Reached XP level 6. HP: 47/56 MP: 5/5
  2946 | D:4      | Reached XP level 7. HP: 58/61 MP: 6/6
  3448 | D:5      | Entered Level 5 of the Dungeon
  3461 | D:5      | Reached skill level 7 in Axes
  3481 | D:5      | Slain by a gnoll

Illustrated notes

Levels and vault maps discovered:
D:1:      mrwooster_arrival_statue, layout_basic, minmay_rat_gold_closets
D:2:      layout_loops_ring, hellmonk_ecumenical_altar_watching_god
D:3:      layout_loops_ring, dreamdust_mushroom_princess
D:4:      layout_loops_ring, nicolae_vehumet_radiance, uniq_ijyb, uniq_grinder
D:5:      kennysheep_big_flooded_room, layout_cave_pools, minitemple,
          minmay_temple_entry_glassed_door, minmay_lizard_king

Skill      XL: |  1  2  3  4  5  6  7 |
---------------+----------------------+-----
Fighting       | 4 5 |  5.6
Axes           | 4 5 6 7 |  7.3
Dodging        | 3 |  3.9
Stealth        | 1 2 |  2.0
Armour         | 3 4 |  4.2

Action                     |  1- 3 |  4- 6 |  7- 9 || total
---------------------------+-------+-------+-------++-------
  Melee: Hand axe          |    96 |    82 |    45 ||   223
         Headbutt          |    11 |    16 |     9 ||    36
         Punch             |     1 |       |       ||     1
 Invoke: Trog's Hand       |     1 |     2 |     1 ||     4
         Berserk           |     1 |       |       ||     1
    Use: Scroll            |     1 |     5 |       ||     6
   Stab: Sleeping          |     2 |       |       ||     2
 Armour: Animal skin       |    63 |       |       ||    63
         Chain mail        |       |    59 |    41 ||   100
  Dodge: Dodged            |    60 |    40 |    17 ||   117
